 Dungeon Crawl Stone Soup version 0.31-a0-277-g31ea1f65cc (webtiles) character file.

Game seed: 7275220813260577072

326 Ofeo the Chopper (level 6, -4/54 HPs)
             Began as an Armataur Reaver on July 15, 2023.
             Slain by Pikel
             ... wielding a +2 whip of freezing
              (10 damage)
             ... on level 4 of the Dungeon.
             The game lasted 00:06:27 (5422 turns).

Ofeo the Chopper (Armataur Reaver)                  Turns: 5422, Time: 00:06:27

Health: -4/54      AC:  9    Str: 19    XL:     6   Next: 24%
Magic:  9/9        EV:  9    Int: 14    God:
Gold:   248        SH:  0    Dex:  8    Spells: 8/9 levels left

rFire   + . .        a - +0 hand axe
rCold   + . .        (no shield)
rNeg    . . .        l - +1 acid dragon scales
rPois   +            (helmet restricted)
rElec   +            (no cloak)
rCorr   +            (no gloves)
SInv    .            (no barding)
Will    +....        (no amulet)
Stlth   +            (no ring)
HPRegen 0.29/turn    (no ring)
MPRegen 0.11/turn

%: roll
@: resistant, invisible
A: large, rugged brown scales 3, deformed body, armoured tail, roll, long
tongue, awkward tongue, horns 1, iridescent scales 1, strong-willed 1, wild
magic 1, MP-powered wands
a: no special abilities


You were on level 4 of the Dungeon.
You visited 1 branch of the dungeon, and saw 4 of its levels.

You collected 248 gold pieces.

Inventory:

Hand Weapons
 a - a +0 hand axe (weapon)
 e - a +0 whip of electrocution
Missiles
 f - 14 poisoned darts
 p - 4 boomerangs
Armour
 b - a +0 leather armour
 l - +1 acid dragon scales (worn)
Wands
 g - a wand of iceblast (11) {@v4}
 o - a wand of light (6)
Scrolls
 d - 2 scrolls of poison
 i - a scroll of identify {@r1}
 k - a scroll of amnesia
 m - 2 scrolls of revelation
Potions
 c - a potion of cancellation
 h - 2 potions of heal wounds {@q2}
 q - 5 potions of curing {@q1}
 r - a potion of brilliance {unknown}


   Skills:
 + Level 3.5 Fighting
 + Level 3.7 Axes
 + Level 2.9 Dodging
 - Level 2.2 Spellcasting
 - Level 3.0 Conjurations


You had 8 spell levels left.
You knew the following spells:

 Your Spells              Type           Power      Damage    Failure   Level
a - Kiss of Death         Conj/Necr      28%        2d7       24%         1

Your spell library contained the following spells:

 Spells                   Type           Power      Damage    Failure   Level
 Momentum Strike          Conj/Tloc      14%        3d8       34%         2
 Hailstorm                Conj/Ice       7%         3d4       54%         3
 Confusing Touch          Hex            2%         N/A       75%         3
 Portal Projectile        Hex/Tloc       4%         N/A       75%         3
 Summon Guardian Golem    Hex/Summ       2%         N/A       75%         3
 Tukima's Dance           Hex            2%         N/A       75%         3
 Iskenderun's Mystic Bla  Conj/Tloc      7%         2d4       90%         4
 Animate Armour           Summ/Erth      4%         N/A       98%         4
 Dispel Undead            Necr           2%         3d7       98%         4
 Summon Lightning Spire   Summ/Air       2%         N/A       98%         4
 Lee's Rapid Deconstruct  Erth           1%         3d4*      100%        5
 Orb of Destruction       Conj           6%         9d6       100%        7
 Spellforged Servitor     Conj/Summ      3%         N/A       100%        7


Dungeon Overview and Level Annotations

Branches:
Dungeon (4/15)
 Temple: D:4-7

Altars:
Kikubaaqudgha

Shops:
D:4 =

Annotations:
D:4 Pikel


Innate Abilities, Weirdness & Mutations

You are completely covered in rugged brown scales. (AC +3, +7% HP)
Armour fits poorly on your strangely shaped body.
You have a long armoured tail.
You roll when moving toward enemies. (Rampage)
Your long tongue fully drains potion bottles. (2x potion effects)
Your tongue gives you trouble enunciating. (1.5x scroll delay)
You have a pair of small horns on your head.
You are partially covered in iridescent scales. (AC +2)
You are strong-willed. (Will+)
Your spells are a little harder to cast, but a little more powerful.
You expend magic power (3 MP) to strengthen your wands.


Message History

You hit the lemure.
The lemure is moderately wounded.
You hit Pikel but do no damage. The lemure closely misses you.
Pikel closely misses you.
You hit the lemure but do no damage. Your headbutt misses the lemure.
The lemure is moderately wounded.
You strike the helpless Pikel from behind!
You hit Pikel. The lemure hits you.
Pikel hits you with a +2 whip of freezing!
* * * LOW HITPOINT WARNING * * *
You take 15 damage, and have 12/54 hp.
MASSIVE DAMAGE!!
You hit the lemure. You tail-slap the lemure!
The lemure is severely wounded.
You barely miss Pikel. The lemure hits you but does no damage.
Pikel hits you with a +2 whip of freezing.
* * * LOW HITPOINT WARNING * * *
You catch the helpless lemure completely off-guard!
You hit the lemure.
Your tail-slap misses the lemure.
The lemure is almost dead.
You barely miss Pikel. The lemure misses you. Pikel closely misses you.
The lemure hits you but does no damage. Pikel hits you but does no damage.
You hit the lemure.
The lemure is almost dead.
You closely miss Pikel. The lemure hits you but does no damage.
Pikel hits you but does no damage.
You hit Pikel.
Pikel is severely wounded.
You catch the helpless lemure completely off-guard!
You hit the lemure.
You kill the lemure!
That felt strangely unrewarding.
Pikel hits you with a +2 whip of freezing.
* * * LOW HITPOINT WARNING * * *
Pikel freezes you.
* * * LOW HITPOINT WARNING * * *
You take 6 damage, and have 6/54 hp.
You hit Pikel. Your headbutt misses Pikel.
Pikel is almost dead.
Pikel hits you with a +2 whip of freezing!
You die...

......##....# ##..##
#....# .....####...#
##..###....# # .....#
##..## ##..#.....###
.....## #...# #...........
##....# ##..##
##........... .##...#
##..## ###..........##
.##...#
#...####.............#
.##...##
#...K##........##....#
.###...#
##...@........####....
.......#### #............#
##...
..........###............#
#...
...#####.......###......##
##.< .### ###...###
#####..### ##. .# ##.##
##...## ## .# #.##
#....### # ## #.
#......### # #.####...##


You could see Pikel (unable to see you).

Vanquished Creatures
  3 lemures
  A hound (D:4)
  A jelly (D:4)
  Jessica (D:2)
  Ijyb (D:4)
  An iguana (D:4)
  3 gnolls
  7 adders
  3 worms
  3 orcs
  4 ball pythons
  7 endoplasms
  4 giant cockroaches
  7 goblins
  8 hobgoblins
  9 jackals
  3 quokkas
  8 bats
  A frilled lizard (D:1)
  6 kobolds
  6 rats
87 creatures vanquished.

Notes
Turn   | Place    | Note
-------+----------+-------------------------------------------
     0 | D:1      | Ofeo the Armataur Reaver began the quest for the Orb.
     0 | D:1      | Reached XP level 1. HP: 18/18 MP: 3/3
   163 | D:1      | Reached XP level 2. HP: 19/25 MP: 4/4
   360 | D:1      | Found a faded altar of an unknown god.
   780 | D:1      | Reached XP level 3. HP: 31/31 MP: 6/6
  1520 | D:2      | Found an ancient bone altar of Kikubaaqudgha.
  1727 | D:2      | Noticed Jessica
  1739 | D:2      | Killed Jessica
  1740 | D:2      | Reached XP level 4. HP: 39/39 MP: 7/7
  2458 | D:2      | Reached XP level 5. HP: 25/47 MP: 8/8
  3532 | D:4      | Noticed Ijyb
  3708 | D:4      | Gained mutation: You sometimes lose your temper in combat.
                  | [potion of mutation]
  3708 | D:4      | Gained mutation: Potions are less effective at restoring
                  | your health. [potion of mutation]
  3708 | D:4      | Gained mutation: You are robust. (+10% HP) [potion of
                  | mutation]
  3708 | D:4      | Gained mutation: Your magical capacity is low. (-10% MP)
                  | [potion of mutation]
  3708 | D:4      | Gained mutation: You are very robust. (+20% HP) [potion of
                  | mutation]
  3716 | D:4      | Killed Ijyb
  3932 | D:4      | Lost mutation: Your magical capacity is low. (-10% MP)
                  | [potion of mutation]
  3932 | D:4      | Lost mutation: Potions are less effective at restoring your
                  | health. [potion of mutation]
  3932 | D:4      | Lost mutation: You are very robust. (+20% HP) [potion of
                  | mutation]
  3932 | D:4      | Lost mutation: You are robust. (+10% HP) [potion of
                  | mutation]
  3932 | D:4      | Gained mutation: You are partially covered in large bone
                  | plates. (SH +4) [potion of mutation]
  3932 | D:4      | Gained mutation: You are partially covered in iridescent
                  | scales. (AC +2) [potion of mutation]
  3932 | D:4      | Gained mutation: You occasionally shout uncontrollably at
                  | your foes. [potion of mutation]
  3932 | D:4      | Gained mutation: You are frail. (-10% HP) [potion of
                  | mutation]
  3932 | D:4      | Gained mutation: Your body sometimes deteriorates upon
                  | taking damage. [potion of mutation]
  3932 | D:4      | Gained mutation: You have a pair of small horns on your
                  | head. [potion of mutation]
  3933 | D:4      | Lost mutation: You are partially covered in iridescent
                  | scales. (AC +2) [potion of mutation]
  3933 | D:4      | Lost mutation: You are partially covered in large bone
                  | plates. (SH +4) [potion of mutation]
  3933 | D:4      | Lost mutation: Your body sometimes deteriorates upon taking
                  | damage. [potion of mutation]
  3933 | D:4      | Lost mutation: You occasionally shout uncontrollably at
                  | your foes. [potion of mutation]
  3933 | D:4      | Lost mutation: You are frail. (-10% HP) [potion of
                  | mutation]
  3933 | D:4      | Lost mutation: You sometimes lose your temper in combat.
                  | [potion of mutation]
  3933 | D:4      | Gained mutation: You are strong-willed. (Will+) [potion of
                  | mutation]
  3933 | D:4      | Gained mutation: You are vulnerable to cold. (rC-) [potion
                  | of mutation]
  3933 | D:4      | Gained mutation: You expend magic power (3 MP) to
                  | strengthen your wands. [potion of mutation]
  3933 | D:4      | Lost mutation: You are vulnerable to cold. (rC-) [potion of
                  | mutation]
  3933 | D:4      | Gained mutation: You are partially covered in iridescent
                  | scales. (AC +2) [potion of mutation]
  3933 | D:4      | Gained mutation: Your spells are a little harder to cast,
                  | but a little more powerful. [potion of mutation]
  4043 | D:4      | Reached XP level 6. HP: 43/54 MP: 9/9
  4064 | D:4      | Found a transporter.
  4103 | D:4      | Found Ollygh's Jewellery Shop.
  4365 | D:4      | Found a transporter.
  4614 | D:4      | Noticed Pikel
  5422 | D:4      | Slain by Pikel

Illustrated notes

Levels and vault maps discovered:
D:1:      dpeg_arrival_ternary, layout_basic,
          ebering_ecumenical_altar_petrified, hangedman_decor_growths,
          minmay_tall_x
D:2:      layout_loops_cross, basic_altar, grunt_ministairs_10, uniq_jessica
D:3:      layout_loops_ring
D:4:      minmay_opposing_rooms, layout_layer_cave, serial_shops,
          nicolae_shop_drivethru, uniq_pikel, uniq_ijyb

Skill      XL: |  1  2  3  4  5 |
---------------+----------------+-----
Fighting       | 2 3 |  3.5
Spellcasting   | 2 |  2.2
Conjurations   | 3 |  3.0
Axes           | 3 |  3.7
Dodging        | 2 |  2.9

Action                     |  1- 3 |  4- 6 || total
---------------------------+-------+-------++-------
  Melee: Hand axe          |   127 |   245 ||   372
         Tailslap          |    15 |    20 ||    35
         Punch             |     1 |     2 ||     3
         Unarmed           |       |    29 ||    29
         Headbutt          |       |    22 ||    22
  Throw: Dart              |     3 |       ||     3
    Use: Scroll            |     4 |     5 ||     9
         Potion            |       |     6 ||     6
   Stab: Invisible         |       |     5 ||     5
 Armour: Leather armour    |    39 |       ||    39
         Acid dragon scale |    20 |   130 ||   150
  Dodge: Dodged            |    74 |   151 ||   225

Table legend: (Time is in decaauts)
 A = Elapsed time spent in this place.
 B = Non-inter-level travel time spent in this place.
 C = Inter-level travel time spent in this place.
 D = Time resting spent in this place.
 E = Time spent auto-exploring this place.
 F = Levels seen in this place.
 G = Mean time per level.
                   A        B        C        D        E       F      G
               +--------+--------+--------+--------+--------+-----+--------+
         Total |   5471 |   5305 |    166 |    785 |   3503 |   4 | 1367.8 |
       Dungeon |   5471 |   5305 |    166 |    785 |   3503 |   4 | 1367.8 |
               +--------+--------+--------+--------+--------+-----+--------+

Top non-repeatable levels by time:
     D:4: 1726 daAuts
     D:1: 1344 daAuts
     D:3: 1247 daAuts
     D:2: 1153 daAuts
